 Dungeon Crawl Stone Soup version 0.30-a0-242-g7bf8e6d787 (webtiles) character file.

Game seed: 2992324313209192797

130 Sobieck the Skirmisher (level 4, 0/25 HPs)
             Began as a Deep Elf Hunter on Oct 11, 2022.
             Slain by a gnoll
             ... wielding a +0 flail
              (4 damage)
             ... on level 3 of the Dungeon.
             The game lasted 00:03:25 (2428 turns).

Sobieck the Skirmisher (Deep Elf Hunter)            Turns: 2428, Time: 00:03:26

Health: 0/25       AC:  4    Str:  8    XL:     4   Next: 89%
Magic:  6/6        EV: 12    Int: 14    God:
Gold:   198        SH:  0    Dex: 20    Spells: 3/3 levels left

rFire   . . .      SeeInvis .    a - +0 shortbow {bow}
rCold   . . .      Faith    .    (shield currently unavailable)
rNeg    . . .      Spirit   .    c - +0 leather armour
rPois   .          Reflect  .    w - +0 helmet
rElec   .          Harm     .    (no cloak)
rCorr   .          Rampage  .    (no gloves)
Will    .....                    (no boots)
Stlth   ++........               (no amulet)
HPRegen 0.24/turn                (no ring)
MPRegen 0.10/turn                (no ring)

@: no status effects
A: no striking features
a: no special abilities


You were on level 3 of the Dungeon.
You visited 1 branch of the dungeon, and saw 4 of its levels.

You collected 198 gold pieces.


   Skills:
 - Level 1.5 Fighting
 + Level 8.3 Ranged Weapons
 - Level 2.4 Dodging
 - Level 1.2 Stealth


You had 3 spell levels left.
You didn't know any spells.
Your spell library was empty.

Inventory:

Hand Weapons
 a - a +0 shortbow (weapon) {bow}
Missiles
 e - 66 stones {throwing}
 o - 6 curare-tipped darts {=fthrowing}
 q - 18 poisoned darts {throwing}
Armour
 c - a +0 leather armour (worn)
 d - a +0 robe
   (You found it on level 1 of the Dungeon)
 k - a +0 chain mail
   (You found it on level 1 of the Dungeon)
 v - a +0 animal skin
   (You took it off Robin on level 2 of the Dungeon)
 w - a +0 helmet (worn)
   (You took it off Robin on level 2 of the Dungeon)
 A - a +0 chain mail
   (You found it on level 3 of the Dungeon)
 D - a +0 chain mail
   (You took it off an orc on level 3 of the Dungeon)
 E - a +0 leather armour
   (You took it off an orc on level 3 of the Dungeon)
Scrolls
 b - a scroll of immolation {!r!r}
 i - a scroll of torment {unknown}
 m - a scroll of blinking {unknown}
 n - a scroll of noise {unknown}
 u - a scroll of amnesia {unknown}
 y - a scroll of magic mapping {!r}
 z - 2 scrolls of teleportation {unknown}
 C - a scroll of enchant weapon {unknown}
 F - a scroll of butterflies {unknown}
Potions
 g - 4 potions of curing {@q1}
 j - a potion of magic {unknown}
 l - 2 potions of attraction {unknown}
 p - a potion of brilliance {unknown}
 r - a potion of cancellation {unknown}
 s - 3 potions of lignification {unknown}
 t - a potion of might {unknown}
 x - a potion of degeneration {unknown}
 B - a potion of haste {unknown}

Dungeon Overview and Level Annotations

Branches:
Dungeon (4/15) Zot: 21534  Temple (0/1) D:4

Altars:
Sif Muna
Wu Jian

Shops:
D:4 *

Annotations:
D:3 exclusion: black bear

#...............##
#.##.......####.#.
#####.#........# #.#.
#........#####+####...
#.###.#..#.........#..
#.# #.#..#............
#.# #.#...............
#.###.#...............
#....@..##....).......
###.###)g######.<####...
#...# #................#
##### #.####...........#
#.# ###........## #.#
#........#. #.#
#........#. ###
#........#.
###########........#.


You could see a gnoll.


Message History

Unknown command.
(D) Dungeon
Where to? (Enter - D:4, ? - help)
Found a stone staircase leading up.
Found Yzxa's General Store.
There is a stone staircase leading up here.
You climb upwards.
Level annotation: exclusion: black bear
There is a stone staircase leading down here.
Unknown command.
Okay, then.
You climb downwards.
There is a stone staircase leading up here.
As you read the scroll labelled KUKOIFFEGA, it crumbles to dust.
It is a scroll of identify.
g - 4 potions of curing
As you read the scroll labelled ZOZYDD LETTUSH, it crumbles to dust.
Magic quickly surges around you.
It was a scroll of vulnerability.
As you read the scroll labelled KEOKKYIMPY, it crumbles to dust.
You feel aware of your surroundings.
You sensed 1 altar.
It was a scroll of magic mapping.
Unknown command.
Unknown command.
A gnoll and a ball python come into view.
Danger!
You shoot an arrow. The ball python hisses angrily.
The arrow hits the ball python!
You kill the ball python!
You hear a shout!
A kobold comes into view. It is wielding a +0 sling.
The kobold shoots a sling bullet.
The sling bullet closely misses you.
There is a stone staircase leading up here.
You shoot an arrow.
The arrow hits the gnoll but does no damage.
You shoot an arrow. The arrow hits the kobold!
You kill the kobold!
You shoot an arrow. The arrow hits the gnoll.
You shoot an arrow. The arrow barely misses the gnoll.
You shoot an arrow. The arrow hits the gnoll.
The gnoll hits you with a +0 club.
A gnoll comes into view. It is wielding a +0 flail.
You shoot an arrow. The gnoll shouts!
The arrow hits the gnoll but does no damage.
The gnoll hits you with a +0 club!
Unknown command.
The gnoll barely misses you.
You climb upwards.
Level annotation: exclusion: black bear
There is a stone staircase leading down here.
Unknown command.
Fire: a) +0 shortbow {bow}
Press: ? - help, Q - select action, (/) - cycle Shift-Dir - straight line, f - gnoll
Aim: a gnoll, wielding a +0 club (moderately wounded, 69% to hit)
You shoot an arrow. The arrow hits the gnoll!
You kill the gnoll!
Fire: a) +0 shortbow {bow}
Press: ? - help, Q - select action, (/) - cycle Shift-Dir - straight line, f - you That would be overly suicidal.
Okay, then.
Unknown command.
Unknown command.
You start resting.
You feel your willpower return.
Unknown command.
Unknown command.
You start resting.
Unknown command.
You climb downwards.
The gnoll hits you with a +0 flail.
There is a stone staircase leading up, spattered with blood here.
Danger!
Unknown command.
The gnoll hits you with a +0 flail!
* * * LOW HITPOINT WARNING * * *
You climb upwards.
Level annotation: exclusion: black bear
There is a stone staircase leading down here.
Unknown command.
Unknown command.
Fire: a) +0 shortbow {bow}
Press: ? - help, Q - select action, (/) - cycle Shift-Dir - straight line, f - gnoll
Aim: a gnoll, wielding a +0 flail (69% to hit)
You shoot an arrow. The arrow hits the gnoll.
The gnoll hits you with a +0 flail.
* * * LOW HITPOINT WARNING * * *
Fire: a) +0 shortbow {bow}
Press: ? - help, Q - select action, (/) - cycle Shift-Dir - straight line, f/p - gnoll
Aim: a gnoll, wielding a +0 flail (lightly wounded, 69% to hit)
You shoot an arrow. The arrow hits the gnoll.
The gnoll hits you with a +0 flail!
* * * LOW HITPOINT WARNING * * *
The gnoll closely misses you.
Fire: a) +0 shortbow {bow}
Press: ? - help, Q - select action, (/) - cycle Shift-Dir - straight line, f/p - gnoll
Aim: a gnoll, wielding a +0 flail (heavily wounded, 69% to hit)
You shoot an arrow.
The arrow hits the gnoll but does no damage.
The gnoll hits you with a +0 flail.
You die...

Skill      XL: |  1  2  3  4 |
---------------+-------------+-----
Ranged Weapons | 6 7 8 |  8.3
Fighting       | |  1.5
Dodging        | |  2.4
Stealth        | |  1.2

Action                   |  1- 3 |  4- 6 || total
-------------------------+-------+-------++-------
 Fire: Shortbow          |   101 |    64 ||   165
  Use: Scroll            |       |     3 ||     3
Armor: Leather armour    |    14 |     2 ||    16
Dodge: Dodged            |    54 |     7 ||    61

Levels and vault maps discovered:
D:1:      amcnicky_arrival_abandoned_market, layout_basic,
          chequers_ecumenical_altar_simple_redux
D:2:      layout_basic, minmay_tetromino_i2, uniq_robin
D:3:      minmay_wonky_spiral, layout_basic, nicolae_sif_muna_condensation,
          nzn_wu_jian_contemplation
D:4:      layout_basic, mainiacjoe_overflow_24_doors, minmay_temple_entry_hall,
          serial_shops, shop_statue, serial_curves, eino_curves_03,
          eino_curves_02

Notes
Turn   | Place    | Note
-------+----------+-------------------------------------------
     0 | D:1      | Sobieck the Deep Elf Hunter began the quest for the Orb.
     0 | D:1      | Reached XP level 1. HP: 12/12 MP: 3/3
   346 | D:1      | Found a faded altar of an unknown god.
   349 | D:1      | Reached XP level 2. HP: 16/16 MP: 4/4
   431 | D:1      | Reached skill level 6 in Ranged Weapons
   730 | D:2      | Noticed Robin
   760 | D:2      | HP: 4/16 [goblin/+0 club[Robin] (2)]
   971 | D:2      | Reached XP level 3. HP: 20/20 MP: 5/5
  1199 | D:2      | Reached skill level 7 in Ranged Weapons
  1472 | D:2      | Reached XP level 4. HP: 25/25 MP: 6/6
  1524 | D:2      | Killed Robin
  1708 | D:3      | Found a shimmering blue altar of Sif Muna.
  1884 | D:3      | Reached skill level 8 in Ranged Weapons
  1975 | D:3      | Found an ornate altar of the Wu Jian Council.
  2033 | D:3      | Noticed a black bear
  2364 | D:4      | Found Yzxa's General Store.
  2427 | D:3      | HP: 3/25 [gnoll/+0 flail (9)]
  2428 | D:3      | Slain by a gnoll

Vanquished Creatures
  Robin (D:2)
  A gnoll (D:3)
  4 adders
  2 worms
  A dart slug (D:2)
  4 orcs (D:3)
  5 endoplasms
  3 giant cockroaches
  13 goblins
  4 hobgoblins
  2 jackals (D:1)
  A quokka (D:2)
  7 ball pythons
  4 bats
  3 frilled lizards
  3 kobolds
  3 rats
61 creatures vanquished.

Table legend:
 A = Non-vault XP
 B = Vault XP
 C = Vault XP percentage of total XP
 D = Non-vault monster count
 E = Vault monster count
 F = Vault count percentage of total count
                 A         B        C        D         E       F
            +---------+---------+-------+---------+---------+-------
      Total |     145 |      41 |  22.0 |      46 |      15 |  24.6
            +---------+---------+-------+---------+---------+-------
        D:1 |      16 |       2 |  11.1 |      11 |       1 |   8.3
        D:2 |      65 |      37 |  36.3 |      17 |      13 |  43.3
        D:3 |      61 |       2 |   3.2 |      16 |       1 |   5.9
        D:4 |       3 |       0 |   0.0 |       2 |       0 |   0.0
            +---------+---------+-------+---------+---------+-------

Illustrated notes

Table legend:
 A = Kills in this place as a percentage of kills in entire the game.
 B = Kills by you in this place as a percentage of kills by you in the entire game.
 C = Kills by friends in this place as a percentage of kills by friends in the entire game.
 D = Other kills in this place as a percentage of other kills in the entire game.
 E = Experience gained in this place as a percentage of experience gained in the entire game.
 F = Experience gained in this place divided by the number of levels of this place that you have seen.
                   A       B       C       D       E      F
               +-------+-------+-------+-------+-------+----------------------
         Total | 100.0 | 100.0 |   N/A |   N/A | 100.0 |  46.5
       Dungeon | 100.0 | 100.0 |   N/A |   N/A | 100.0 |  46.5
               +-------+-------+-------+-------+-------+----------------------

Table legend: (Time is in decaauts)
 A = Elapsed time spent in this place.
 B = Non-inter-level travel time spent in this place.
 C = Inter-level travel time spent in this place.
 D = Time resting spent in this place.
 E = Time spent auto-exploring this place.
 F = Levels seen in this place.
 G = Mean time per level.
                   A        B        C        D        E       F      G
               +--------+--------+--------+--------+--------+-----+--------+
         Total |   2464 |   2402 |     62 |    209 |   1827 |   4 |  616.0 |
       Dungeon |   2464 |   2402 |     62 |    209 |   1827 |   4 |  616.0 |
               +--------+--------+--------+--------+--------+-----+--------+

Top non-repeatable levels by time:
     D:2: 928 daAuts
     D:1: 754 daAuts
     D:3: 714 daAuts
     D:4: 67 daAuts
